 Dungeon Crawl Stone Soup version 0.32-a0-616-g9348d4545b (webtiles) character file.

Game seed: 16483671540324370933

27107 jlumianski the Protected (level 13, -6/103 HPs)
             Began as a Coglin Gladiator on Mar 5, 2024.
             Was a High Priest of Wu Jian.
             Mangled by Nienaovo's ghost (17 damage)
             ... on level 2 of the Lair of Beasts.
             The game lasted 01:52:26 (18626 turns).

jlumianski the Protected (Coglin Gladiator)        Turns: 18626, Time: 01:52:27

Health: -6/103     AC: 23    Str: 20    XL:     13   Next: 30%
Magic:  4/4        EV:  8    Int:  9    God:    Wu Jian [*****.]
Gold:   999        SH:  0    Dex: 16    Spells: 12/12 levels left

rFire   + + +        y - +10 hammer of the Charmed God {venom, rPois Str+4}
rCold   . . .        m - +2 dagger (venom) {Thatsani}
rNeg    . . .        J - +0 plate armour
rPois   +            K - +2 helmet of Ubrof {rF+++ MP-9 Dex-2 Stlth+}
rElec   .            x - +2 cloak
rCorr   .            h - +0 pair of gloves
SInv    .            (no boots)
Will    .....        (amulet unavailable) Stlth
                     (ring unavailable)
HPRegen 0.37/turn    (ring unavailable)
MPRegen 0.09/turn    (no gizmo)

%: no passive effects
@: serpent's lash, revved
A: off-hand wielding, slow wielding, warmup strikes, no jewellery
a: Invent Gizmo, Renounce Religion, Wall Jump, Serpent's Lash, Heavenly Storm


You were on level 2 of the Lair of Beasts.
You worshipped Wu Jian.
Wu Jian was extremely pleased with you.
You visited 4 branches of the dungeon, and saw 17 of its levels.
You also visited: Bailey.

You collected 1111 gold pieces.
You spent 112 gold pieces at shops.

Inventory:

Hand Weapons
 m - a +2 dagger of venom (offhand) {Thatsani}
 y - the +10 hammer of the Charmed God (weapon) {venom, rPois Str+4}
   (You found it on level 4 of the Dungeon)

   Str+4:     It affects your strength (+4).
   rPois:     It protects you from poison.
 D - a +1 dagger of venom {Bunsong}
Missiles
 d - 4 throwing nets
 e - a javelin
 n - 9 boomerangs
 s - 35 poisoned darts (quivered)
Armour
 h - a +0 pair of gloves (worn)
 x - a +2 cloak (worn)
 J - a +0 plate armour (worn)
 K - the +2 helmet of Ubrof (worn) {rF+++ MP-9 Dex-2 Stlth+}
   (You acquired it in a bailey)

   Dex-2:     It affects your dexterity (-2).
   rF+++:     It renders you almost immune to fire.
   MP-9:      It affects your magic capacity (-9).
   Stlth+:    It makes you more stealthy.
Magical Staves
 g - the staff "Nagitome" {rC+ Int+4 Ice}
   (You found it on level 10 of the Dungeon)

   [staff of cold]

   Base accuracy: +5 Base damage: 5 Base attack delay: 1.2 This weapon's minimum
   attack delay (0.6) is reached at skill level 12.
   Int+4:     It affects your intelligence (+4).
   rC+:       It protects you from cold.
   Ice:       It increases the power of your Ice spells.
   It falls into the 'Staves' category.
   It is a one-graspered weapon.
Talismans
 o - a talisman of death
Wands
 c - a wand of acid (2)
 j - a wand of flame (6)
 z - a wand of charming (45)
 B - a wand of iceblast (13)
 O - a wand of polymorph (13)
 R - a wand of digging (9)
Scrolls
 a - 3 scrolls of vulnerability
 b - 2 scrolls of immolation
 k - a scroll of fog
 l - 2 scrolls of enchant weapon
 p - a scroll of summoning
 q - 3 scrolls of fear
 A - 3 scrolls of blinking
 S - 6 scrolls of identify
Potions
 f - a potion of brilliance
 i - a potion of magic
 r - 4 potions of lignification
 t - a potion of enlightenment
 u - 3 potions of curing
 v - 4 potions of berserk rage
 w - 2 potions of resistance {unknown}
 P - a potion of heal wounds


   Skills:
 + Level 9.8 Fighting
 + Level 6.1 Short Blades
 + Level 6.3(10.0) Axes
 + Level 10.9(11.5) Maces & Flails
 + Level 2.7 Throwing
 + Level 11.6 Armour
 + Level 4.0 Dodging
 + Level 2.6 Stealth
 + Level 2.8 Evocations


You had 12 spell levels left.
You didn't know any spells.
Your spell library contained the following spells:

 Spells                   Type           Power      Damage    Failure   Level
 Freeze                   Ice            0%         1d3       99%         1
 Magic Dart               Conj           0%         1d3       99%         1
 Sting                    Conj/Alch      0%         1d3       99%         1
 Blink                    Tloc           0%         N/A       100%        2
 Call Imp                 Summ           0%         N/A       100%        2
 Mercury Vapours          Alch/Air       0%         N/A       100%        2
 Searing Ray              Conj           0%         2d4       100%        2
 Call Canine Familiar     Summ           0%         N/A       100%        3
 Frozen Ramparts          Ice            0%         1d1       100%        3
 Hailstorm                Conj/Ice       0%         3d5       100%        3
 Inner Flame              Hex/Fire       0%         N/A       100%        3
 Sigil of Binding         Hex            0%         N/A       100%        3
 Animate Armour           Summ/Erth      0%         N/A       100%        4
 Animate Dead             Necr           0%         N/A       100%        4
 Brom's Barrelling Bould  Conj/Erth      0%         2d3       100%        4
 Dimensional Bullseye     Hex/Tloc       0%         N/A       100%        4
 Fulminant Prism          Conj/Alch      0%         3d5       100%        4
 Olgreb's Toxic Radiance  Alch           0%         N/A       100%        4
 Summon Lightning Spire   Summ/Air       0%         N/A       100%        4
 Fireball                 Conj/Fire      0%         3d3       100%        5
 Irradiate                Conj/Alch      0%         3d11      100%        5
 Iskenderun's Battlesphe  Conj           0%         2d6       100%        5
 Lee's Rapid Deconstruct  Erth           0%         3d4*      100%        5
 Conjure Ball Lightning   Conj/Air       0%         3x3d6     100%        6
 Haunt                    Necr/Summ      0%         N/A       100%        7
 Orb of Destruction       Conj           0%         9d5       100%        7
 Ignition                 Fire           0%         3d3       100%        8
 Infestation              Necr           0%         N/A       100%        8


Dungeon Overview and Level Annotations

Branches:
Dungeon (12/15)            Temple (1/1) D:6            Lair (2/5) D:9
    Orc (2/2) D:10            Elf (0/3) Orc:2        Bailey (visited)
  Swamp: Lair:2-3    Shoals: Lair:2-3     Snake: Lair:2-3    Spider: Lair:2-3

Altars:
Ashenzari
Cheibriados
Dithmenos
Elyvilon
Fedhas
Gozag
Hepliaklqana
Kikubaaqudgha
Makhleb
Nemelex Xobeh
Okawaru
Qazlal
Ru
Sif Muna
Trog
Uskayaw
Vehumet
Wu Jian
Xom
Yredelemnul
Zin
The Shining One
Beogh

Shops:
D:9 *   Orc:2 (=

Annotations:
D:10 1 runed translucent door
Lair:2 Nienaovo's ghost, journeyman GrFi
Orc:1 2 transporters, zenocrate's ghost, journeyman GnEE


Innate Abilities, Weirdness & Mutations

You can wield a second weapon in your off-hand.
It takes a long time for you to wield or remove held weapons.
Your first few attacks do less damage.
You cannot equip rings or amulets.


Message History

You barely miss Nienaovo's ghost with the +10 hammer of the Charmed God.
Nienaovo's ghost hits you but does no damage.
You barely miss Nienaovo's ghost with your +2 dagger of venom.
Nienaovo's ghost is heavily damaged.
You completely miss Nienaovo's ghost with the +10 hammer of the Charmed God.
You closely miss Nienaovo's ghost with your +2 dagger of venom.
Nienaovo's ghost is heavily damaged.
You closely miss Nienaovo's ghost with the +10 hammer of the Charmed God.
Nienaovo's ghost hits you!
You are electrocuted!
You hit Nienaovo's ghost but do no damage.
Nienaovo's ghost is heavily damaged.
You hit Nienaovo's ghost but do no damage.
Nienaovo's ghost hits you!
* * * LOW HITPOINT WARNING * * *
You hit Nienaovo's ghost with the +10 hammer of the Charmed God.
Nienaovo's ghost is heavily damaged.
You barely miss Nienaovo's ghost with your +2 dagger of venom.
Aiming: Corrosive Bolt
Press: ? - help, Shift-Dir - straight line, f - Nienaovo's ghost
Aim: Nienaovo's ghost, wielding a weapon of electrocution (heavily damaged, 83% to hit)
The bolt of acid hits Nienaovo's ghost.
The acid corrodes Nienaovo's ghost!
Nienaovo's ghost is heavily damaged.
Nienaovo's ghost hits you but does no damage.
You are electrocuted!!
* * * LOW HITPOINT WARNING * * *
Aiming: Corrosive Bolt
Press: ? - help, Shift-Dir - straight line, f/p - Nienaovo's ghost
Aim: Nienaovo's ghost, wielding a weapon of electrocution (heavily damaged, covered in acid, 83% to hit)
The bolt of acid hits Nienaovo's ghost!
Nienaovo's ghost seems to be corroded for longer.
Nienaovo's ghost is heavily damaged.
Nienaovo's ghost hits you.
* * * LOW HITPOINT WARNING * * *
Your muscles tense, ready for explosive movement...
You barely miss Nienaovo's ghost with your +2 dagger of venom.
Nienaovo's ghost is heavily damaged.
You hit Nienaovo's ghost with the +10 hammer of the Charmed God.
Nienaovo's ghost hits you but does no damage.
You are electrocuted!
You die...

........## #F......#
..###...
.....#....#(.#...#
........###P.....###
## ......
####.....P#.##.#
###+..#
##.......#~~.##
.........#.≈.~.
.........'~#.[##
........@W...?~#
.........#.⌠.~##
.........#..#.#
.........##~.#
~~#......######### ~
#..............#.
#.................
.~.................
~.................#


You could see Nienaovo's ghost (corroded).

Vanquished Creatures
  The ghost of Krumphau the Carver, a journeyman DsMo of Makhleb (D:10)
  A catoblepas (Lair:2)
  3 two-headed ogres
  Erica (Lair:1)
  A boulder beetle (D:11)
  A tengu warrior (D:8)
  Pikel (D:7)
  An arcanist (D:8)
  An orc knight (Bailey)
  2 cyclopes
  An ugly thing (D:11)
  An orc sorcerer (D:10)
  An elephant (Lair:1)
  A manticore (D:11)
  4 kobold blastminers (Orc:2)
  A black mamba (Lair:1)
  A gargoyle (D:10)
  A cane toad (Lair:1)
  An unseen horror (D:11)
  A rime drake (Lair:1)
  A kobold demonologist (D:11)
  Maggie (D:9)
  3 trolls
  2 hornets (D:7)
  10 blink frogs (Lair:1)
  2 slime creatures
  4 wraiths
  12 yaks
  4 wyverns
  A shadow (D:7)
  A vampire (D:10)
  2 wargs
  Grum (D:9)
  A basilisk (Lair:1)
  3 steam dragons
  A vampire mosquito (D:7)
  4 acid dragons
  5 water moccasins
  23 orc warriors
  5 ogres
  An ice beast (D:6)
  2 wolves (D:9)
  4 centaurs
  A lemure (D:7)
  2 weeping skulls (D:4)
  3 kobold brigands (D:9)
  9 bullfrogs
  2 gnoll sergeants
  2 scorpions (D:5)
  6 wights
  5 killer bees (D:6)
  5 electric eels (Bailey)
  3 howler monkeys
  2 bombardier beetles
  A human zombie (D:4)
  A jelly (D:5)
  4 hounds
  14 orc priests
  Crazy Yiuf (D:4)
  2 scorpion zombies (D:4)
  4 iguanas
  25 orc wizards
  2 hound zombies (D:4)
  2 mummies (D:4)
  18 gnolls
  8 adders
  A white imp (D:7)
  2 ufetubi (D:6)
  An adder zombie (D:4)
  4 dart slugs
  A ribbon worm (D:4)
  70 orcs
  3 bats
  5 endoplasms
  2 giant cockroaches
  13 goblins
  9 hobgoblins
  11 jackals
  4 quokkas
  13 ball pythons
  A frilled lizard (D:2)
  8 kobolds
  4 rats
393 creatures vanquished.

Vanquished Creatures (others)
  A water moccasin (Lair:1)
  A dart slug (D:5)
  2 orcs (Bailey)
4 creatures vanquished.

Grand Total: 397 creatures vanquished

Notes
Turn   | Place    | Note
-------+----------+-------------------------------------------
     0 | D:1      | jlumianski the Coglin Gladiator began the quest for the
                  | Orb.
     0 | D:1      | Reached XP level 1. HP: 16/16 MP: 1/1
    60 | D:1      | Reached XP level 2. HP: 13/22 MP: 2/2
   152 | D:1      | Reached XP level 3. HP: 25/27 MP: 3/3
   381 | D:1      | Reached XP level 4. HP: 26/33 MP: 4/4
  1109 | D:2      | Reached skill level 1 in Short Blades
  1263 | D:2      | Found a shimmering blue altar of Sif Muna.
  1275 | D:2      | Reached XP level 5. HP: 39/39 MP: 5/5
  1305 | D:2      | Reached skill level 1 in Armour
  1521 | D:4      | Noticed a weeping skull
  1963 | D:3      | Found a faded altar of an unknown god.
  2056 | D:4      | Killed a weeping skull
  2057 | D:4      | Reached XP level 6. HP: 40/46 MP: 6/6
  2096 | D:4      | Found a basalt altar of Yredelemnul.
  2150 | D:4      | Reached skill level 1 in Stealth
  2260 | D:4      | Reached skill level 5 in Axes
  2260 | D:4      | Reached skill level 2 in Armour
  2337 | D:4      | Reached XP level 7. HP: 14/42 MP: 7/7
  3073 | D:4      | Found a runed translucent door.
  3074 | D:4      | Noticed Crazy Yiuf
  3080 | D:4      | Killed Crazy Yiuf
  3086 | D:4      | Identified the +10 hammer of the Charmed God {venom, rPois
                  | Str+4}
  3287 | D:5      | Entered Level 5 of the Dungeon
  3444 | D:4      | Found a sacrificial altar of Ru.
  4050 | D:5      | Noticed a steam dragon
  4062 | D:5      | Killed a steam dragon
  4063 | D:5      | Reached skill level 3 in Armour
  4161 | D:6      | Noticed a steam dragon
  4168 | D:5      | Killed a steam dragon
  4169 | D:5      | Reached XP level 8. HP: 48/60 MP: 8/8
  4517 | D:5      | Reached skill level 1 in Maces & Flails
  4592 | D:5      | Reached skill level 4 in Armour
  4921 | D:5      | Found a shimmering altar of Xom.
  4924 | D:5      | Found a hazy altar of Hepliaklqana.
  4925 | D:5      | Noticed a spectral ugly thing
  5423 | D:6      | Reached skill level 5 in Armour
  5622 | D:6      | Reached XP level 9. HP: 63/65 MP: 9/9
  5725 | D:7      | Noticed a hornet
  5732 | D:7      | Killed a hornet
  5802 | D:7      | Reached skill level 5 in Fighting
  5803 | D:7      | Noticed Pikel
  5810 | D:7      | HP: 5/102 [Pikel/+1 whip of freezing (3)]
  5813 | D:7      | Killed Pikel
  5814 | D:7      | Reached skill level 6 in Armour
  5924 | D:7      | Noticed a hornet
  5929 | D:7      | Killed a hornet
  6031 | D:7      | Found a flagged portal.
  6041 | Bailey   | Entered a bailey
  6489 | Bailey   | HP: 2/68 [orc warrior/+0 broad axe (3)]
  6496 | Bailey   | Reached skill level 7 in Armour
  6705 | Bailey   | Noticed an orc knight
  6708 | Bailey   | Reached skill level 5 in Maces & Flails
  6720 | Bailey   | Killed an orc knight
  6721 | Bailey   | Reached XP level 10. HP: 13/76 MP: 10/10
  7324 | Bailey   | Acquired the +2 helmet of Ubrof {rF+++ MP-9 Dex-2 Stlth+}
  7738 | Bailey   | Found an iron altar of Okawaru.
  7738 | Bailey   | Noticed an orc sorcerer
  7738 | Bailey   | Noticed an orc high priest
  7876 | D:6      | Found a staircase to the Ecumenical Temple.
  7887 | Temple   | Entered the Ecumenical Temple
  7964 | Temple   | Became a worshipper of the Wu Jian Council
  8239 | D:6      | Found a sparkling altar of Nemelex Xobeh.
  8512 | D:6      | Reached skill level 8 in Armour
  8851 | D:7      | Found a stormy altar of Qazlal.
  9380 | D:8      | Noticed a cyclops
  9744 | D:7      | Reached * piety under Wu Jian
  9750 | D:8      | Noticed a tengu warrior
  9761 | D:8      | Killed a tengu warrior
  9802 | D:8      | Killed a cyclops
  9803 | D:8      | Reached skill level 1 in Evocations
  9803 | D:8      | Reached XP level 11. HP: 65/84 MP: 2/11
 10195 | D:8      | Identified the +3 falchion of Harmony {drain, Dex+5}
 10195 | D:8      | Noticed an arcanist
 10430 | D:8      | Killed an arcanist
 10431 | D:8      | Reached skill level 9 in Armour
 10805 | D:8      | Identified the ring "Goejeq" {Fly Stlth+}
 11025 | D:10     | Entered Level 10 of the Dungeon
 11121 | D:9      | Noticed Grum
 11133 | D:9      | Killed Grum
 11136 | D:9      | Noticed a two-headed ogre
 11229 | D:8      | Killed a two-headed ogre
 12042 | D:9      | Found Famoih's General Store.
 12050 | D:9      | Bought a potion of heal wounds for 80 gold pieces
 12050 | D:9      | Bought a scroll of identify for 32 gold pieces
 12071 | D:9      | Found a staircase to the Lair.
 12135 | D:9      | Reached ** piety under Wu Jian
 12476 | D:10     | Found an opulent altar of Gozag.
 12884 | D:9      | Noticed Maggie
 12895 | D:9      | Killed Maggie
 13011 | D:10     | Found a staircase to the Orcish Mines.
 13439 | D:10     | Found a runed translucent door.
 13440 | D:10     | Noticed Krumphau's ghost (journeyman DsMo)
 13456 | D:10     | Killed Krumphau's ghost
 13457 | D:10     | Reached skill level 10 in Armour
 13462 | D:10     | Identified the staff "Nagitome" {rC+ Int+4 Ice}
 13708 | D:11     | Noticed a two-headed ogre
 13713 | D:11     | Killed a two-headed ogre
 13714 | D:11     | Reached XP level 12. HP: 78/92 MP: 3/12
 14076 | D:10     | Found a runed translucent door.
 14082 | D:10     | Found a burning altar of Makhleb.
 14565 | D:11     | Noticed a two-headed ogre
 14571 | D:11     | Killed a two-headed ogre
 14649 | D:11     | Reached *** piety under Wu Jian
 14748 | D:11     | Noticed a boulder beetle
 14760 | D:11     | Killed a boulder beetle
 14774 | D:11     | Found a sparkling altar of Nemelex Xobeh.
 15316 | Orc:1    | Entered Level 1 of the Orcish Mines
 15345 | Orc:1    | Noticed a two-headed ogre
 15349 | Orc:1    | Noticed zenocrate's ghost (journeyman GnEE)
 15354 | Orc:1    | Found a transporter.
 15359 | Orc:1    | Found a transporter.
 15361 | Orc:1    | Noticed a two-headed ogre
 15392 | Orc:1    | Noticed an ettin
 15442 | Orc:2    | Entered Level 2 of the Orcish Mines
 15636 | Orc:1    | Reached skill level 5 in Short Blades
 15636 | Orc:1    | Reached skill level 10 in Maces & Flails
 15744 | Orc:1    | Noticed a sun demon
 15929 | Orc:2    | Found a staircase to the Elven Halls.
 16116 | Orc:1    | Found a bloodstained altar of Trog.
 16197 | Orc:2    | Found a roughly hewn altar of Beogh.
 16253 | Orc:2    | Reached skill level 11 in Armour
 16258 | Orc:2    | Found Helat's Antique Weapon Boutique.
 16424 | Orc:2    | Found Kiruz's Jewellery Boutique.
 16477 | Orc:2    | Found a roughly hewn altar of Beogh.
 16613 | Orc:2    | Found a roughly hewn altar of Beogh.
 16617 | Orc:2    | Reached **** piety under Wu Jian
 17114 | Orc:2    | Found a roughly hewn altar of Beogh.
 17388 | Lair:1   | Entered Level 1 of the Lair of Beasts
 17707 | Lair:1   | Reached XP level 13. HP: 95/101 MP: 4/13
 18059 | Lair:1   | Noticed Erica
 18067 | Lair:1   | Killed Erica
 18521 | Lair:1   | Reached ***** piety under Wu Jian
 18602 | Lair:2   | Found a large runed translucent door.
 18602 | Lair:2   | Found a large runed translucent door.
 18604 | Lair:2   | Noticed Nienaovo's ghost (journeyman GrFi)
 18626 | Lair:2   | Mangled by Nienaovo's ghost

Illustrated notes

Levels and vault maps discovered:
D:1:      enne_arrival_octagon_isle, layout_loops_cross,
          minmay_indecisive_spiral
D:2:      layout_rooms, basic_altar
D:3:      layout_basic, nicolae_ecumenical_snake_handling
D:4:      layout_loops_corners, nicolae_ru_path_of_blood,
          lemuel_mausoleum_altar_yredelemnul, chequers_serial_rivers_large_b,
          uniq_crazy_yiuf_cottage
D:5:      layout_rooms, regret_index_temple_of_mockery, grunt_decor_clamped,
          st_stairs_2
D:6:      layout_basic, lemuel_round_altar, minmay_temple_entry_butterflies,
          serial_curves, eino_curves_01, eino_curves_02
D:7:      layout_basic, mainiacjoe_overflow_concentric_impassable,
          enter_bailey_3, uniq_pikel
D:8:      minmay_the_grid_square_5x5_3x3
          [minmay_the_grid_square_5x5_almost_minimal,
          minmay_the_grid_square_5x5_fat_x, minmay_the_grid_square_5x5_shrine1,
          minmay_the_grid_square_5x5_longway,
          minmay_the_grid_square_5x5_megaprize_checkered,
          minmay_the_grid_square_5x5_slash, minmay_the_grid_square_5x5_three,
          minmay_the_grid_square_5x5_inner_i, minmay_the_grid_square_5x5_eight],
          layout_cave_pools
D:9:      layout_layer_cave, lair_entry_dummy, serial_shops, shop, uniq_grum,
          uniq_maggie
D:10:     layout_loops_ring, grunt_gozag_breadcrumbs, nzn_makhleb_speed_demon,
          erik_orc_3, ebering_ghost_reflecting_pool
D:11:     layout_irregular_city, nemelex_xobeh_ov_fountains_minmay
D:12:     layout_long_grid, gammafunk_ghost_necromancy, hex_large,
          nicolae_zen_rock_garden, chequers_serial_rivers_micro_d,
          nicolae_doodle_vault
Temple:   eino_temple_water
Lair:1:   layout_gridlike, grunt_megastairs_1, uniq_erica
Lair:2:   layout_cave_pods, elwin_shoals_entry_rocks,
          ebering_ghost_disaster_area, grunt_megastairs_2
Orc:1:    layout_caves, gammafunk_ghost_wrathful_warriors,
          nicolae_orc_sculptors_studio
Orc:2:    grunt_orc_community_town_hall, layout_caves,
          grunt_orc_community_big_house_2, grunt_orc_community_big_house_1,
          grunt_orc_community_house_1, grunt_orc_community_house_1,
          grunt_orc_community_house_2, grunt_orc_community_house_1,
          serial_shops, nicolae_shop_gaudy_bauble, basic_altar

Skill      XL: |  1  2  3  4  5  6  7  8  9 10 11 12 13 |
---------------+----------------------------------------+-----
Dodging        | 3 4 |  4.0
Axes           | 4 5 6 |  6.3
Short Blades   | 1 2 3 4 5 6 |  6.1
Armour         | 1 2 3 5 7 8 10 11 | 11.6
Fighting       | 3 4 5 7 9 |  9.8
Stealth        | 1 2 |  2.6
Maces & Flails | 2 5 6 9 10 | 10.9
Throwing       | 2 |  2.7
Evocations     | 1 2 |  2.8

Action                     |  1- 3 |  4- 6 |  7- 9 | 10-12 | 13-15 || total
---------------------------+-------+-------+-------+-------+-------++-------
  Melee: War axe           |    68 |   174 |    57 |       |       ||   299
         Dagger            |    60 |   159 |   192 |   602 |   111 ||  1124
         Mace              |       |       |   163 |   669 |   115 ||   947
  Throw: Dart              |       |       |     5 |     7 |       ||    12
 Invoke: Serpent's Lash    |       |       |       |       |     1 ||     1
Ability: Lunge             |       |       |       |    64 |       ||    64
         Whirlwind         |       |       |       |    49 |    13 ||    62
         Wall Jump         |       |       |       |    31 |    15 ||    46
  Evoke: Wand              |       |       |     3 |     7 |     4 ||    14
    Use: Scroll            |       |     7 |     8 |     9 |     2 ||    26
         Potion            |       |     2 |     4 |     3 |       ||     9
 Armour: Leather armour    |    29 |       |       |       |       ||    29
         Scale mail        |    17 |    16 |       |       |       ||    33
         Chain mail        |       |   123 |   194 |    10 |       ||   327
         Plate armour      |       |       |       |   702 |    97 ||   799
  Dodge: Dodged            |    53 |    80 |    98 |   239 |    27 ||   497

Table legend: (Time is in decaauts)
 A = Elapsed time spent in this place.
 B = Non-inter-level travel time spent in this place.
 C = Inter-level travel time spent in this place.
 D = Time resting spent in this place.
 E = Time spent auto-exploring this place.
 F = Levels seen in this place.
 G = Mean time per level.
                   A        B        C        D        E       F      G
               +--------+--------+--------+--------+--------+-----+--------+
         Total |  18793 |  18450 |    343 |   5780 |   6378 |  18 | 1044.1 |
       Dungeon |  14005 |  13678 |    327 |   4047 |   5336 |  12 | 1167.1 |
        Temple |    104 |    104 |      0 |      0 |      0 |   1 |  104.0 |
          Lair |   1053 |   1053 |      0 |    358 |    325 |   2 |  526.5 |
  Orcish Mines |   1923 |   1908 |     15 |    329 |    534 |   2 |  961.5 |
        Bailey |   1707 |   1707 |      0 |   1046 |    183 |   1 | 1707.0 |
               +--------+--------+--------+--------+--------+-----+--------+

Top non-repeatable levels by time:
     D:4: 2004 daAuts
     D:7: 1773 daAuts
     D:9: 1752 daAuts
  Bailey: 1707 daAuts
     D:5: 1603 daAuts
    D:10: 1526 daAuts
     D:8: 1282 daAuts
   Orc:2: 1136 daAuts
    D:11: 1053 daAuts
     D:6: 961 daAuts
     D:1: 865 daAuts
   Orc:1: 786 daAuts
  Lair:1: 731 daAuts
     D:3: 659 daAuts
     D:2: 517 daAuts
